 Dungeon Crawl Stone Soup version 0.23.0 (webtiles) character file.

Game seed: 11344080243139655751

16611 Lobben the Cleaver (level 12, -19/165 HPs)
             Began as a Minotaur Berserker on Feb 9, 2019.
             Was a High Priest of Trog.
             Demolished by a titanic slime creature (70 damage)
             ... on level 12 of the Dungeon.
             The game lasted 01:31:16 (12083 turns).

Lobben the Cleaver (Minotaur Berserker)            Turns: 12083, Time: 01:31:17

Health: -19/165    AC: 21    Str: 28    XL:     12   Next: 11%
Magic:  3/3        EV: 13    Int:  4    God:    Trog [*****.]
Gold:   693        SH:  3    Dex: 14    Spells: 11/11 levels left

rFire    + . .     SeeInvis .   R - +4 executioner's axe (antimagic)
rCold    . . .     Gourm    .   (shield currently unavailable)
rNeg     . . .     Faith    .   I - +0 plate armour
rPois    .         Spirit   .   (helmet restricted)
rElec    .         Reflect  +   f - +2 cloak
rCorr    .         Harm     .   u - +0 pair of gloves
MR       +....                  x - +0 pair of boots
Stlth    ..........             k - +3 amulet of reflection
HPRegen  0.37/turn              v - ring of protection from magic
MPRegen  0.08/turn              F - ring of protection from fire

@: berserking, very quick
A: retaliatory headbutt, horns 2
a: Berserk, Trog's Hand, Brothers in Arms, Renounce Religion


You were on level 12 of the Dungeon.
You worshipped Trog.
Trog was extremely pleased with you.
You were hungry.

You visited 2 branches of the dungeon, and saw 13 of its levels.

You collected 693 gold pieces.

Inventory:

Hand Weapons
 C - a +2 dagger of electrocution
 M - a +0 halberd of flaming
 Q - a +2 war axe
 R - a +4 antimagic executioner's axe (weapon)
Missiles
 l - 8 tomahawks
 m - 5 exploding tomahawks (quivered)
 H - 6 javelins of returning
Armour
 f - a +2 cloak (worn)
 u - a +0 pair of gloves (worn)
 x - a +0 pair of boots (worn)
 I - a +0 plate armour (worn)
Jewellery
 k - a +3 amulet of reflection (around neck)
 v - a ring of protection from magic (left hand)
 F - a ring of protection from fire (right hand)
Wands
 o - a wand of paralysis (24)
 y - a wand of flame (18)
 z - a wand of iceblast (20)
 E - a wand of scattershot (4)
 L - a wand of digging (7)
 O - a wand of enslavement (9)
Scrolls
 a - a scroll of summoning {unknown}
 d - 2 scrolls of magic mapping
 e - 9 scrolls of teleportation
 n - a scroll of random uselessness {unknown}
 p - 2 scrolls of blinking {unknown}
 r - 2 scrolls of fog
 s - 3 scrolls of immolation
 w - 5 scrolls of remove curse
 A - a scroll of fear {unknown}
Potions
 b - a potion of resistance
 h - 2 potions of might
 j - 8 potions of curing
 q - a potion of lignification {unknown}
 t - 2 potions of magic {unknown}
 B - a potion of brilliance {unknown}
 D - 2 potions of degeneration {unknown}
 G - 3 potions of heal wounds {unknown}
 J - 4 potions of mutation
 K - a potion of haste {unknown}
 N - 2 potions of ambrosia {unknown}
Comestibles
 c - 19 rations
 g - 3 chunks of flesh


   Skills:
 + Level 11.3 Fighting
 * Level 14.8 Axes
 + Level 10.7 Armour
 + Level 10.0 Dodging


You had 11 spell levels left.
You didn't know any spells.
Your spell library was empty.

Dungeon Overview and Level Annotations

Branches:
Dungeon (12/15)            Temple (1/1) D:7            Lair (0/6) D:9
    Orc (0/2) D:9

Altars:
Ashenzari
Cheibriados
Dithmenos
Elyvilon
Fedhas
Gozag
Hepliaklqana
Kikubaaqudgha
Makhleb
Nemelex Xobeh
Okawaru
Qazlal
Ru
Sif Muna
Trog
Uskayaw
Vehumet
Wu Jian
Xom
Yredelemnul
Zin
The Shining One

Shops:
D:9 (=   D:12 [


Innate Abilities, Weirdness & Mutations

You reflexively headbutt those who attack you in melee.
You have a pair of horns on your head.


Message History

* * * LOW HITPOINT WARNING * * *
Aiming: Paralyse
Press: ? - help, Shift-Dir - straight line, f/p - titanic slime creature
Aim: a titanic slime creature (moderately wounded, chance to defeat MR: 28%)
Okay, then.
A red film seems to cover your vision as you go berserk!
You feel yourself moving faster!
You feel mighty!
You are feeling hungry.
You block the titanic slime creature's attack.
You are too berserk!
You are too injured to fight recklessly!
You are too injured to fight recklessly!
Unknown command.
You slice the titanic slime creature like a ripe choko!!!
You headbutt the titanic slime creature!
The titanic slime creature is heavily wounded.
You slice the titanic slime creature!!
The titanic slime creature is heavily wounded.
The titanic slime creature hits you!!!
You die...

#...§<..(..c#
#..^.<.........
#..#######..#
######......... #..# ### ##
#.######## ..# #.. .. #.#
..# #.# # #.########.## #..#
#.# #. #.##......... ...#
#.# #.># #.##.#####.## ...#
#.###..###.##.### #.. #.
.### #.##.......@J...# #.
.#####.##..........#.# #.
.).(().##.#..#.#.###........
.. .####..#.#...(∩..#
########. #. .#
#...###.##.### #.
)#####.#.#.# #..# #.####.
..........#####.# #.J.J..
######..........# #.####. #
###....##### ...


You could see a titanic slime creature.

Vanquished Creatures
  Nessos (D:12)
  Harold (D:8)
  Erolcha (D:10)
  Erica (D:8)
  3 two-headed ogres
  Urug (D:11)
  Sonja (D:12)
  An ugly thing (D:12)
  A cyclops (D:11)
  A centaur zombie (D:10)
  A komodo dragon (D:12)
  A merfolk (D:11)
  Prince Ribbit (D:6)
  Grinder (D:4)
  A hornet (D:12)
  5 hippogriffs
  10 yaks
  Edmund (D:4)
  An acid dragon (D:12)
  A water moccasin (D:10)
  6 ice beasts
  5 sky beasts
  3 orc warriors
  A phantom (D:9)
  2 necrophages
  4 ogres
  2 centaurs
  A crocodile (D:9)
  A big kobold (D:7)
  6 bullfrogs
  A wyvern zombie (D:8)
  6 scorpions
  9 killer bees
  4 howler monkeys
  9 wights
  4 crimson imps
  2 bullfrog zombies (D:6)
  4 hounds
  2 bullfrog skeletons
  3 jellies
  A quasit (D:10)
  2 centaur skeletons
  10 orc priests
  8 orc wizards
  3 iguanas
  6 worker ants
  A killer bee zombie (D:6)
  2 hound skeletons (D:8)
  A worker ant zombie (D:6)
  Robin (D:3)
  5 gnolls
  10 adders
  2 shadow imps
  2 oozes (D:3)
  2 adder skeletons
  2 worms
  2 dart slugs
  3 leopard geckos
  34 orcs
  7 bats
  6 giant cockroaches
  15 goblins
  14 hobgoblins
  5 jackals (D:3)
  2 quokkas
  2 ball pythons
  4 frilled lizards
  A jackal skeleton (D:5)
  14 kobolds
  A quokka zombie (D:9)
  4 rats
282 creatures vanquished.

Vanquished Creatures (others)
  A bullfrog (D:12)
1 creature vanquished.

Grand Total: 283 creatures vanquished

Notes
Turn   | Place    | Note
-------+----------+-------------------------------------------
     0 | D:1      | Lobben the Minotaur Berserker began the quest for the Orb.
     0 | D:1      | Reached XP level 1. HP: 19/19 MP: 0/0
   136 | D:1      | Reached skill level 4 in Axes
   136 | D:1      | Reached XP level 2. HP: 15/27 MP: 1/1
   878 | D:1      | Reached XP level 3. HP: 31/33 MP: 2/2
  1336 | D:2      | Found a faded altar of an unknown god.
  1719 | D:2      | Reached ** piety under Trog
  1734 | D:2      | Reached XP level 4. HP: 41/41 MP: 3/3
  1934 | D:2      | Reached skill level 5 in Axes
  2216 | D:3      | Noticed Robin
  2232 | D:3      | Killed Robin
  2412 | D:3      | Reached XP level 5. HP: 38/47 MP: 4/4
  3365 | D:4      | Reached skill level 6 in Axes
  3370 | D:4      | Reached skill level 5 in Fighting
  3573 | D:4      | Noticed Grinder
  3592 | D:4      | Killed Grinder
  3592 | D:4      | Reached XP level 6. HP: 56/56 MP: 5/5
  3655 | D:4      | Noticed Edmund
  3663 | D:4      | Killed Edmund
  3663 | D:4      | Reached skill level 7 in Axes
  3663 | D:4      | Reached XP level 7. HP: 61/61 MP: 6/6
  3862 | D:5      | Entered Level 5 of the Dungeon
  4423 | D:5      | Reached *** piety under Trog
  4719 | D:5      | Reached skill level 8 in Axes
  4719 | D:5      | Reached skill level 5 in Armour
  4741 | D:5      | Reached XP level 8. HP: 70/70 MP: 7/7
  5080 | D:6      | Reached skill level 5 in Dodging
  5376 | D:6      | Noticed Prince Ribbit
  5384 | D:6      | Killed Prince Ribbit
  5384 | D:6      | Reached skill level 9 in Axes
  6375 | D:7      | Reached XP level 9. HP: 79/79 MP: 8/8
  6517 | D:7      | Found a staircase to the Ecumenical Temple.
  6532 | D:7      | Reached skill level 10 in Axes
  6562 | Temple   | Entered the Ecumenical Temple
  7022 | D:8      | Reached **** piety under Trog
  7150 | D:8      | Noticed Erica
  7168 | D:8      | Killed Erica
  7168 | D:8      | Reached skill level 11 in Axes
  7526 | D:8      | Reached XP level 10. HP: 90/90 MP: 9/9
  7544 | D:8      | Noticed Harold
  7551 | D:8      | Killed Harold
  7552 | D:8      | Noticed a two-headed ogre
  7568 | D:8      | Killed a two-headed ogre
  7568 | D:8      | Reached skill level 12 in Axes
  8051 | D:9      | Found a staircase to the Lair.
  8085 | D:9      | Found a staircase to the Orcish Mines.
  8085 | D:9      | Found Uqihonk's Weapon Emporium.
  8170 | D:9      | Noticed a two-headed ogre
  8179 | D:9      | Killed a two-headed ogre
  8205 | D:9      | Found Voqoduen's Jewellery Shop.
  8540 | D:9      | Found a burning altar of Makhleb.
  8714 | D:10     | Entered Level 10 of the Dungeon
  8983 | D:10     | Reached skill level 13 in Axes
  9277 | D:10     | Reached XP level 11. HP: 99/99 MP: 10/10
  9308 | D:10     | Reached skill level 10 in Fighting
  9524 | D:10     | Noticed Erolcha
  9530 | D:10     | Killed Erolcha
  9788 | D:11     | Reached ***** piety under Trog
  9989 | D:11     | Noticed Urug
 10003 | D:11     | Killed Urug
 10655 | D:11     | Found a white marble altar of Elyvilon.
 10694 | D:11     | Reached skill level 10 in Armour
 10698 | D:11     | Reached skill level 14 in Axes
 11143 | D:12     | Noticed Nessos
 11289 | D:12     | Noticed Sonja
 11312 | D:12     | Killed Sonja
 11482 | D:12     | Noticed a two-headed ogre
 11493 | D:12     | Killed a two-headed ogre
 11675 | D:12     | Noticed a green ugly thing
 11690 | D:12     | Killed a green ugly thing
 11756 | D:12     | Killed Nessos
 11756 | D:12     | Reached skill level 10 in Dodging
 11756 | D:12     | Reached XP level 12. HP: 87/110 MP: 11/11
 11771 | D:12     | Received a gift from Trog
 12051 | D:12     | Found Ullyemat's Armour Emporium.
 12083 | D:12     | Demolished by a titanic slime creature

Skill      XL: |  1  2  3  4  5  6  7  8  9 10 11 |
---------------+----------------------------------+-----
Fighting       | 4 5 6 7 8 9 11 | 11.3
Axes           | 4 5 6 7 8 9 11 13 14 | 14.8
Dodging        | 3 4 6 7 8 10 | 10.0
Armour         | 3 4 5 6 7 9 10 | 10.7

Action                   |  1- 3 |  4- 6 |  7- 9 | 10-12 || total
-------------------------+-------+-------+-------+-------++-------
Melee: Hand axe          |    91 |    89 |       |       ||   180
       Headbutt          |    14 |    23 |    61 |    86 ||   184
       War axe           |       |    35 |   235 |   377 ||   647
       Executioner's axe |       |       |       |    11 ||    11
Throw: Tomahawk          |       |       |       |     4 ||     4
Invok: Berserk           |     3 |     4 |     7 |    12 ||    26
       Trog's Hand       |       |     2 |     4 |     2 ||     8
Evoke: Wand              |       |       |     2 |     2 ||     4
  Use: Scroll            |     3 |     5 |     2 |     6 ||    16
       Potion            |       |       |       |     1 ||     1
 Stab: Paralysed         |       |       |       |     1 ||     1
  Eat: Chunk             |     4 |    10 |    19 |    19 ||    52
       Ration            |       |     1 |       |     2 ||     3
Armor: Animal skin       |     1 |       |       |       ||     1
       Ring mail         |    25 |    17 |       |       ||    42
       Chain mail        |       |    24 |    79 |       ||   103
       Plate armour      |       |       |    28 |   174 ||   202
Dodge: Dodged            |    54 |    60 |   103 |   148 ||   365
Block: Other             |       |     3 |    25 |    42 ||    70
       Reflection        |       |       |       |     1 ||     1
